Map: Heavy Artillery LE

Players

Nyck

  • Race: Terran Terran
  • Spawn Location: 1:00

Ekelpack

  • Race: Protoss Protoss
  • Spawn Location: 3:00

Aythameitor - Winner!

  • Race: Zerg Zerg
  • Spawn Location: 7:00

thekataner - Winner!

  • Race: Terran Terran
  • Spawn Location: 7:00

VOD

Have the link to the VOD?

Description

Time

  • Played on: Sept. 17, 2020, 4:03 p.m.
  • Length: 11:46
Show
View Real Time Build Order
Export as new Build Order

Nyck Terran 

Build Orders:  

Get SALT Encoding   

  12  0:00  SCV  
  13  0:14  Supply Depot  
  13  0:18  SCV  
  14  0:30  SCV  
  14  0:31  Refinery  
  15  0:41  Barracks  
  15  0:46  SCV  
  16  0:58  SCV  
  17  1:11  Barracks  
  17  1:14  SCV  
  18  1:21  Barracks  
  18  1:26  SCV  
  19  1:36  Supply Depot  
  19  1:39  SCV  
  20  1:45  Reaper  
  21  1:51  SCV  
  22  2:03  SCV  
  22  2:04  Reaper  
  24  2:10  Reaper  
  25  2:15  Orbital Command  
  25  2:20  Refinery  
  25  2:22  Reaper  
  26  2:30  Supply Depot  
  26  2:48  Reaper x2  
  28  2:58  Supply Depot  
  28  3:03  Barracks  
  28  3:10  Barracks Reactor  
  28  3:26  Barracks Reactor  
  28  3:27  SCV  
  28  3:32  Barracks Reactor  
  29  3:47  Marine x2  
  31  4:13  Marine  
  31  4:14  Marine x4  
  31  4:15  Marine  
  36  4:19  Barracks Tech Lab  
  36  4:21  Engineering Bay  
  36  4:23  SCV  
  35  4:35  SCV  
  34  4:47  SCV, Marine x4  
  34  4:48  Marine x2  
  34  4:52  Engineering Bay  
  41  4:55  Terran Infantry Armor Level 1  
  41  4:57  Combat Shield  
  41  4:59  SCV  
  42  5:00  Marauder  
  42  5:06  Supply Depot  
  44  5:11  SCV  
  45  5:19  Terran Infantry Weapons Level 1  
  45  5:21  Factory  
  45  5:22  Marauder  
  45  5:23  Marine  
  45  5:24  Marine x4  
  45  5:25  Marine  
  53  5:30  Supply Depot  
  53  5:54  Supply Depot, Marine x4  
  53  5:55  Marine x2  
  61  5:57  Marauder  
  61  6:10  Starport  
  60  6:11  Factory Reactor  
  60  6:17  Supply Depot  
  62  6:18  Marauder  
  62  6:19  Armory  
  62  6:32  Marine x5  
  66  6:33  Marine  
  68  6:57  Starport  
  68  6:58  Marauder  
  68  6:59  Marine x2  
  68  7:00  Marine  
  73  7:08  Medivac  
  75  7:15  Medivac  
  75  7:20  Marauder  
  78  7:57  Marine  
  78  7:58  Marine x5  
  82  7:59  Marauder  
  82  8:02  Medivac  
  88  8:21  Marauder  
  90  8:42  Terran Infantry Armor Level 2, Terran Infantry Weapons Level 2  
  90  8:44  Stimpack  
  52  9:14  Marine x5  
  52  9:15  Marine  
  52  9:16  Marauder  
  46  9:38  Marine x4  
  50  9:48  Marine x2  
  52  9:54  Orbital Command  
  52  10:11  Refinery  
  52  10:33  Marauder  
  54  10:36  Marine  
  55  10:55  Marauder  
  55  11:08  Marine x3  
  55  11:09  Marine x3  
  61  11:16  Marauder  
  58  11:29  Refinery  
Show
View Real Time Build Order
Export as new Build Order

Ekelpack Protoss 

Build Orders:  

Get SALT Encoding   

  12  0:00  Probe (Chrono Boost)  
  13  0:11  Probe (Chrono Boost)  
  14  0:17  Pylon  
  14  0:21  Probe  
  15  0:35  Probe  
  16  0:36  Gateway  
  16  0:47  Probe  
  16  0:49  Assimilator  
  17  0:59  Probe (Chrono Boost)  
  18  1:07  Pylon  
  18  1:11  Probe (Chrono Boost)  
  19  1:20  Probe (Chrono Boost)  
  20  1:27  Zealot  
  20  1:28  Probe  
  20  1:31  Cybernetics Core  
  23  1:36  Assimilator  
  23  1:40  Probe  
  24  1:52  Probe  
  25  2:04  Probe (Chrono Boost)  
  25  2:06  Pylon  
  27  2:16  Probe (Chrono Boost)  
  27  2:21  Nexus, Probe (Chrono Boost)  
  28  2:28  Warp Gate  
  28  2:31  Probe  
  29  2:42  Gateway  
  29  2:43  Probe  
  30  2:55  Probe  
  31  3:03  Stalker  
  31  3:15  Probe (Chrono Boost)  
  32  3:24  Probe (Chrono Boost)  
  33  3:29  Probe (Chrono Boost)  
  34  3:50  Gateway x2  
  34  3:53  Gateway  
  34  4:00  Probe (Chrono Boost)  
  34  4:02  Assimilator, Gateway  
  35  4:06  Assimilator  
  35  4:07  Probe (Chrono Boost)  
  36  4:14  Pylon, Probe  
  37  4:30  Probe  
  38  4:31  Pylon  
  38  4:38  Stalker x2  
  40  4:42  Probe  
  43  4:49  Pylon  
  43  4:54  Probe  
  44  5:00  Forge  
  44  5:06  Probe  
  45  5:18  Probe (Chrono Boost)  
  46  5:22  Twilight Council  
  41  5:28  Stalker x2  
  41  5:29  Stalker x4, Probe (Chrono Boost)  
  40  5:52  Protoss Ground Weapons Level 1  
  40  5:55  Probe (Chrono Boost)  
  41  6:03  Zealot x3  
  41  6:04  Zealot, Probe (Chrono Boost)  
  50  6:05  Zealot  
  50  6:06  Zealot  
  50  6:09  Probe (Chrono Boost)  
  54  6:13  Blink  
  55  6:24  Sentry  
  55  6:25  Stalker  
  59  6:26  Stalker  
  59  6:27  Stalker  
  59  6:31  Stalker x2  
  45  7:01  Zealot x4  
  45  7:02  Zealot x2  
  55  7:23  Pylon  
  55  7:26  Nexus  
  55  7:27  Zealot, Sentry  
  55  7:28  Stalker  
  61  7:34  Pylon  
  61  7:36  Pylon  
  61  7:38  Pylon  
  61  7:40  Pylon  
  61  7:43  Zealot x3  
  67  7:48  Stalker  
  69  7:58  Protoss Ground Armor Level 1 (Chrono Boost)  
  69  8:00  Stalker  
  69  8:01  Zealot  
  73  8:09  Pylon  
  73  8:10  Zealot x3  
  79  8:14  Charge  
  79  8:23  Zealot x2  
  79  8:24  Zealot  
  55  9:02  Zealot x2  
  51  9:03  Zealot x4  
  51  9:07  Probe x2  
  51  9:08  Probe  
  58  9:19  Probe x2  
  58  9:20  Probe  
  61  9:40  Stalker x2  
  61  9:41  Stalker x3  
  61  9:42  Stalker  
  73  9:48  Probe x3  
  73  9:51  Assimilator  
  76  9:55  Assimilator  
  76  9:58  Pylon  
  76  10:00  Probe x3  
  79  10:20  Gateway  
  79  10:22  Gateway  
  79  10:24  Gateway  
  79  10:30  Robotics Facility  
  79  10:32  Stalker  
  79  10:33  Stalker x3  
  79  10:34  Stalker  
  79  10:35  Zealot  
  91  11:03  Zealot x3, Pylon  
  91  11:04  Zealot x2  
  99  11:05  Zealot  
  102  11:20  Zealot  
  102  11:21  Zealot x2  
  102  11:25  Pylon  
  108  11:27  Pylon  
  108  11:28  Pylon  
  108  11:31  Pylon  
Show
View Real Time Build Order
Export as new Build Order

Aythameitor Zerg - Winner!

Build Orders: Pool First 

Get SALT Encoding   

  12  0:01  Drone  
  13  0:13  Overlord  
  13  0:19  Drone  
  14  0:25  Extractor  
  14  0:26  Drone  
  14  0:32  Drone  
  15  0:40  Drone  
  16  0:50  Spawning Pool  
  16  0:53  Drone  
  16  0:57  Drone  
  17  1:12  Drone  
  18  1:26  Drone  
  18  1:30  Hatchery  
  18  1:33  Drone  
  19  1:40  Overlord  
  19  1:55  Drone, Extractor  
  19  2:02  Metabolic Boost  
  19  2:15  Drone x2  
  21  2:18  Hatchery  
  20  2:30  Drone  
  20  2:36  Lair  
  21  2:43  Zergling x2  
  21  2:44  Zergling x2  
  23  2:49  Zergling x2  
  24  2:54  Zergling x2  
  25  3:02  Zergling x2  
  26  3:12  Zergling x4  
  27  3:19  Drone x2  
  29  3:33  Queen  
  31  3:35  Drone x3  
  31  3:39  Drone x2  
  36  3:47  Drone x2  
  38  3:49  Queen  
  38  3:52  Overlord  
  39  4:01  Zergling x4  
  39  4:02  Zergling x2  
  35  4:11  Zergling x2  
  35  4:12  Zergling x4  
  38  4:18  Drone  
  38  4:21  Drone x2  
  37  4:38  Zergling x2  
  37  4:39  Zergling x6  
  37  4:45  Drone x3  
  42  4:56  Baneling Nest  
  41  5:01  Zergling x6  
  43  5:24  Zergling x12  
  43  5:25  Zergling x2  
  43  5:27  Overlord x2  
  48  5:59  Zergling x10  
  48  6:00  Zergling x16  
  48  6:01  Zergling x2  
  62  6:21  Drone x4  
  62  6:22  Overlord  
  57  6:40  Zergling x10  
  56  6:57  Zergling x4  
  56  6:58  Zergling x8  
  62  7:06  Extractor  
  62  7:07  Extractor  
  60  7:14  Drone x2  
  60  7:15  Drone x2  
  64  7:21  Queen  
  66  7:30  Drone x3  
  66  7:31  Drone x2  
  66  7:35  Drone x2  
  66  7:36  Drone  
  63  7:38  Drone x2  
  51  7:54  Zergling x8  
  51  7:55  Zergling x4  
  51  7:57  Centrifugal Hooks  
  57  8:04  Drone x4  
  61  8:08  Overlord  
  61  8:09  Overlord x2  
  61  8:23  Hydralisk Den  
  60  8:28  Evolution Chamber x2  
  60  8:29  Evolution Chamber  
  60  8:32  Infestation Pit  
  60  8:33  Zergling x2  
  60  8:34  Zergling x14  
  60  8:35  Zergling x6  
  60  8:37  Baneling x4  
  67  8:48  Zergling x10  
  63  8:49  Zergling x6  
  58  8:57  Baneling x12  
  58  9:02  Zergling x2  
  58  9:03  Zergling x4  
  58  9:04  Zergling x2  
  49  9:29  Zergling x10  
  49  9:30  Zergling x16  
  56  9:45  Extractor  
  55  9:53  Extractor  
  55  9:54  Extractor  
  55  9:55  Hydralisk x5  
  55  9:56  Hydralisk x3  
  69  10:15  Drone  
  69  10:17  Drone x3  
  73  10:21  Hydralisk  
  73  10:22  Hydralisk  
  73  10:28  Queen  
  79  10:38  Pneumatized Carapace  
  79  10:51  Hydralisk x2  
  79  10:52  Hydralisk x3  
  79  10:54  Overlord x6  
  79  10:55  Overlord x4  
Show
View Real Time Build Order
Export as new Build Order

thekataner Terran - Winner!

Build Orders:  

Get SALT Encoding   

  12  0:13  SCV  
  13  0:21  Supply Depot  
  13  0:25  SCV  
  14  0:38  SCV  
  15  0:47  Barracks  
  15  0:51  SCV  
  16  0:58  Refinery  
  16  1:03  SCV  
  17  1:15  SCV  
  18  1:38  Supply Depot  
  18  1:39  Orbital Command  
  18  2:08  SCV  
  19  2:09  Command Center  
  19  2:20  SCV  
  20  2:23  Barracks Reactor  
  20  2:40  Refinery  
  20  2:41  SCV  
  21  2:53  SCV  
  22  3:01  Marine x2  
  24  3:19  Marine x2  
  26  3:26  SCV  
  27  3:34  Orbital Command  
  27  3:35  Factory  
  27  3:43  SCV  
  28  3:55  SCV  
  29  3:57  Engineering Bay  
  29  4:07  SCV  
  30  4:15  Marine x2  
  32  4:19  SCV  
  32  4:24  Engineering Bay  
  33  4:25  Factory Tech Lab  
  33  4:31  SCV  
  33  4:32  Starport  
  33  4:33  Marine x2  
  36  4:46  Siege Tank  
  36  4:51  Marine x2  
  41  5:02  Terran Infantry Weapons Level 1  
  41  5:03  Terran Infantry Armor Level 1  
  41  5:09  Marine x2  
  43  5:18  Siege Tank  
  46  5:23  Barracks  
  46  5:41  Supply Depot  
  46  5:45  Starport Reactor  
  46  6:03  SCV x2  
  48  6:04  Supply Depot  
  48  6:11  Barracks  
  48  6:15  SCV x2  
  50  6:27  Supply Depot, SCV x2  
  52  6:33  Medivac x2  
  52  6:35  Barracks Tech Lab  
  52  6:39  SCV x2  
  58  6:43  Marine x2  
  60  6:50  Supply Depot  
  60  6:51  SCV  
  61  6:54  Stimpack  
  61  7:01  Marine x2, Barracks  
  61  7:03  Medivac x2  
  67  7:14  Supply Depot  
  67  7:19  Marine x2  
  69  7:26  Armory  
  69  7:32  SCV x2  
  69  7:36  Supply Depot, Marine  
  71  7:37  Marine  
  71  7:40  Refinery  
  73  7:44  SCV x2  
  73  7:45  Barracks Reactor  
  75  7:53  Marauder  
  77  7:59  Supply Depot  
  77  8:06  Refinery  
  77  8:13  Barracks Reactor  
  77  8:14  Marauder  
  77  8:18  Marine x2  
  81  8:33  Combat Shield  
  81  8:36  Marine x2, Marauder  
  81  8:39  SCV x2  
  87  8:49  Command Center  
  87  8:51  SCV x2  
  87  8:53  Marine  
  87  8:54  Marine  
  87  8:57  Marauder  
  63  9:11  Marine  
  63  9:12  Marine  
  61  9:19  Marauder  
  63  9:38  Marine  
  63  9:39  Marine x5  
  63  9:40  Marauder  
  71  9:46  Medivac x2  
  71  9:50  Siege Tank  
  78  9:56  Marine x3  
  78  9:57  Marine x3  
  82  10:01  Marine  
  83  10:08  Orbital Command  
  83  10:14  Marine x5  
  83  10:15  Supply Depot, Marine  
  83  10:16  Medivac x2  
  83  10:19  Marine  
  94  10:22  Siege Tank  
  97  10:32  Marine x6  
  103  10:38  Supply Depot  
  103  10:46  Medivac x2  
  107  10:58  Marauder  
  107  10:59  Marine x6  
  107  11:01  Supply Depot  
  115  11:16  Medivac x2  
  115  11:17  Marine x6  
  125  11:19  Marauder  
  125  11:24  Supply Depot  
Tags
 
Add a new tag
Caveats
  • Supply blocks, unpowered buildings, or Contaminate may cause inaccurate times.
  • Supply counts are checked every 10 seconds.